 Dungeon Crawl Stone Soup version 0.29-a0-1009-g60c99734e7 (webtiles) character file.

Game seed: 16101926300996175626

34603 gelatine the Fighter (level 13, -9/107 HPs)
             Began as a Demonspawn Gladiator on Aug 8, 2022.
             Was an Elder of Makhleb.
             Mangled by a slime creature (14 damage)
             ... on level 14 of the Dungeon.
             The game lasted 01:23:34 (16392 turns).

gelatine the Fighter (Demonspawn Gladiator)        Turns: 16392, Time: 01:23:35

Health: -9/107     AC: 28    Str: 18    XL:     13   Next: 43%
Magic:  4/16       EV: 14    Int: 11    God:    Makhleb [****..]
Gold:   1291       SH:  0    Dex: 15    Spells: 13/16 levels left

rFire   . . .      SeeInvis +   O - +9 staff of Olgreb {rPois∞}
rCold   . . .      Faith    .   (no shield)
rNeg    + + .      Spirit   .   w - +1 chain mail "Hygun" {rN++}
rPois   ∞          Reflect  .   c - +0 helmet
rElec   .          Harm     .   h - +1 cloak
rCorr   .          Rampage  .   z - +2 pair of gloves
Will    .....      Clarity  +   U - +0 pair of boots
Stlth   ..........              (no amulet)
HPRegen 0.27/turn               p - ring of see invisible
MPRegen 0.15/turn               F - +4 ring of evasion

@: sanguine armoured, studying Fighting
A: ignite blood 1, spiny 2, sanguine armour 2, demonic touch 1, talons 1,
clarity
a: Renounce Religion, Evoke the Staff of Olgreb, Minor Destruction, Lesser
Servant of Makhleb, Major Destruction


You were on level 14 of the Dungeon.
You worshipped Makhleb.
Makhleb was greatly pleased with you.
You visited 2 branches of the dungeon, and saw 15 of its levels.
You also visited: Sewer and Ossuary.

You collected 1541 gold pieces.
You spent 250 gold pieces at shops.

Inventory:

Hand Weapons
 a - a +3 war axe of electrocution
 E - a +3 antimagic lajatang
 K - a +2 war axe of draining
 O - the +9 staff of Olgreb (weapon) {rPois∞}
   (You acquired it in an ossuary)

   If the wielder is skilled in Evocations, they can envenom those struck by it,
   dealing poison damage which bypasses armour.
   It enhances your poison magic.
   It grants immunity to poison.
   It can be activated via the 'a'bility menu to radiate toxic energy, with
   effectiveness depending on Evocations skill.
 T - the +5 halberd "Jaoh" {antimagic, rN++ Str-5 Int+2 Dex+3}
   (You found it on level 8 of the Dungeon)

   It reduces the magical energy of the wielder, and disrupts the spells and
   magical abilities of those it strikes.
   Natural abilities and divine invocations are not affected.
   Str:       It affects your strength (-5).
   Int:       It affects your intelligence (+2).
   Dex:       It affects your dexterity (+3).
   rN:        It greatly protects you from negative energy.
 V - a +0 battleaxe
Missiles
 d - a boomerang (quivered)
 r - 6 poisoned darts
 v - 5 throwing nets
 y - 3 atropa-tipped darts
 B - 7 javelins
Armour
 c - a +0 helmet (worn)
 f - a +0 troll leather armour
 h - a +1 cloak (worn)
 o - a +2 robe of fire resistance
 w - the +1 chain mail "Hygun" (worn) {rN++}
   (You found it on level 11 of the Dungeon)

   rN:        It greatly protects you from negative energy.
 z - a +2 pair of gloves (worn)
 U - a +0 pair of boots (worn)
 W - a +2 ring mail of willpower
Jewellery
 g - a +6 ring of intelligence
 k - a ring of flight
 p - a ring of see invisible (left hand)
 q - a ring of protection from cold
 F - a +4 ring of evasion (right hand)
 G - a +6 ring of strength
Wands
 b - a wand of polymorph (3)
 A - a wand of charming (4)
 I - a wand of quicksilver (4)
 Q - a wand of iceblast (13)
 X - a wand of mindburst (8)
 Z - a wand of digging (7)
Scrolls
 e - 5 scrolls of fear
 j - a scroll of fog
 l - a scroll of torment
 M - 4 scrolls of enchant weapon
 N - a scroll of teleportation
 P - 2 scrolls of immolation
 S - a scroll of silence
Potions
 i - 3 potions of invisibility
 m - 4 potions of magic
 n - 3 potions of brilliance
 t - a potion of might
 u - 2 potions of cancellation
 C - 4 potions of curing
 D - a potion of berserk rage
 H - 2 potions of flight
 J - a potion of resistance
 L - a potion of haste
 R - a potion of mutation
 Y - a potion of ambrosia
Miscellaneous
 s - a piece from Xom's chessboard (15/15)


   Skills:
 * Level 11.8 Fighting
 + Level 9.1 Axes
 * Level 9.0 Staves
 + Level 9.9 Throwing
 + Level 5.9 Armour
 + Level 7.4 Dodging
 + Level 5.0 Stealth
 + Level 2.2 Unarmed Combat
 + Level 2.3 Spellcasting
 + Level 1.4 Transmutations
 + Level 4.2 Invocations
 * Level 5.5 Evocations


You had 13 spell levels left.
You knew the following spells:

 Your Spells              Type           Power      Damage    Failure   Level
a - Beastly Appendage     Tmut           8%         N/A       87%         1
b - Wereblood             Tmut           4%         N/A       95%         2

Your spell library contained the following spells:

 Spells                   Type           Power      Damage    Failure   Level
 Spider Form              Tmut/Pois      4%         N/A       100%        3
 Stone Arrow              Conj/Erth      2%         3d7       100%        3
 Animate Armour           Summ/Erth      2%         N/A       100%        4
 Alistair's Intoxication  Tmut/Pois      2%         N/A       100%        5
 Borgnjor's Vile Clutch   Necr/Erth      0%         N/A       100%        5
 Eringya's Noxious Bog    Tmut/Pois      2%         N/A       100%        6
 Lehudib's Crystal Spear  Conj/Erth      0%         10d2      100%        8


Dungeon Overview and Level Annotations

Branches:
Dungeon (14/15)            Temple (1/1) D:6            Lair (0/5) D:9
    Orc (0/2) D:9           Sewer (visited)         Ossuary (visited)
 Vaults: D:13-14

Altars:
Ashenzari
Cheibriados
Dithmenos
Fedhas
Gozag
Hepliaklqana
Kikubaaqudgha
Makhleb
Nemelex Xobeh
Okawaru
Qazlal
Ru
Sif Muna
Trog
Uskayaw
Vehumet
Wu Jian
Xom
Yredelemnul

Shops:
D:6 !   D:11 [


Innate Abilities, Weirdness & Mutations

Your demonic aura sometimes causes spilled blood to erupt in flames.
You are mostly covered in sharp spines.
When seriously injured, your blood forms thick armour. (AC +9)
Your touch may inflict minor irresistible damage on your foes.
You have sharp toenails.
You possess an exceptional clarity of mind.


Message History

Makhleb accepts your kill.
You feel better.
The centaur wields a +0 shortbow.
The centaur shoots an arrow.
The arrow misses you.
Your Staves skill increases to level 9!
You are too injured to fight recklessly!
Throw: boomerang
Press: ? - help, Q - select action, (/) - cycle Shift-Dir - straight line, f - centaur
Aim: a centaur, wielding a +0 shortbow and carrying a wand of quicksilver (8) (lightly wounded, poisoned, 77% to hit)
You throw a boomerang.
The boomerang hits the centaur but does no damage.
The centaur is lightly wounded.
The centaur zaps a wand.
The bolt of dispelling energy hits you!
* * * LOW HITPOINT WARNING * * *
The centaur shoots an arrow.
The arrow completely misses you.
The centaur zaps a wand.
The bolt of dispelling energy misses you.
The centaur looks more healthy.
The centaur shoots an arrow.
The arrow misses you.
There is an open door, spattered with blood here.
Items here: ( )) †.
The centaur shoots an arrow.
The arrow hits you.
* * * LOW HITPOINT WARNING * * *
The centaur shoots an arrow.
The arrow hits you but does no damage.
The centaur shoots an arrow.
The arrow barely misses you.
The slime creature quivers. x2
A slime creature comes into view.
The slime creature quivers.
There is an open door here.
The centaur shoots an arrow.
The arrow barely misses you.
The slime creature is struck by your spines.
The slime creature completely misses you.
Two slime creatures merge to form a large slime creature.
The slime creature hits you but does no damage.
The slime creature is struck by your spines.
The slime creature hits you!
* * * LOW HITPOINT WARNING * * *
The slime creature attacks as you move away!
The slime creature is struck by your spines.
The slime creature hits you!
You die...

.......##.)..# #.#####.#..#
_._....#.##..## #.#..##.#..#
#.....'..#..'## ##!##.##[..#
_._....#..##.#.##..#.#.###..#
.......#..c.##†#####.##. #..#
......####'####.##..## .##...
⌠.⌠..##....J..##..### ##....
....##..#..J...#### ....
#'###..#....@#..###+### ....
...#.......#........ #....
#.###........#####.## ..
#......J...## #
......>.<....#
##...........##
#............##
#.............#
#.............#


You could see a large slime creature, 2 slime creatures and a centaur.

Vanquished Creatures
  4 hydras
  6 boulder beetles
  A catoblepas (D:14)
  3 centaur warriors
  2 two-headed ogres
  Urug (D:10)
  Amaemon (D:8)
  Pikel (D:3)
  2 deep elf pyromancers
  6 ugly things
  3 manticores
  A cyclops (D:13)
  Maurice (D:11)
  A salamander (shapeshifter) (D:13)
  An orange demon (D:8)
  Psyche (D:11)
  An unseen horror (D:13)
  A komodo dragon (D:12)
  A gargoyle (D:11)
  A tengu conjurer (D:14)
  3 meliai (D:14)
  4 trolls
  4 slime creatures (D:13)
  Sigmund (D:6)
  A vampire (D:12)
  A spriggan (shapeshifter) (D:12)
  3 shadows
  6 yaks (D:8)
  4 wyverns
  A wraith (D:11)
  A fire elemental (D:12)
  A hog (shapeshifter) (D:14)
  A redback (shapeshifter) (D:14)
  4 vampire mosquitoes (D:11)
  A redback simulacrum (D:14)
  Grum (D:9)
  2 acid dragons
  Edmund (D:4)
  8 orc warriors
  3 black bears
  5 ice beasts
  A sky beast (D:7)
  6 ogres
  2 wolves (D:9)
  6 centaurs
  2 lemures
  2 phantoms
  A kobold brigand (D:6)
  3 bullfrogs (D:8)
  A gnoll sergeant (D:9)
  An earth elemental (D:12)
  An elf skeleton (D:7)
  13 scorpions
  5 wights (D:8)
  20 killer bees
  2 electric eels (D:9)
  5 howler monkeys
  5 centaur zombies (Ossuary)
  2 hounds
  3 human zombies
  4 orc priests
  A gnoll bouda (D:5)
  4 iguanas
  10 orc wizards
  2 scorpion zombies (Ossuary)
  3 mummies (Ossuary)
  13 gnolls
  14 adders
  3 white imps
  2 ufetubi
  A worm (D:6)
  2 dart slugs
  34 orcs
  4 bats
  11 endoplasms
  5 giant cockroaches
  A gnoll zombie (Ossuary)
  5 goblins
  4 hobgoblins
  11 jackals
  2 quokkas
  12 ball pythons
  7 frilled lizards
  A goblin zombie (Ossuary)
  2 hobgoblin zombies (Ossuary)
  10 kobolds
  A kobold zombie (Ossuary)
  An orc skeleton (D:7)
  5 orc zombies
  6 rats
357 creatures vanquished.

Vanquished Creatures (collateral kills)
  Agnes (D:14)
  Harold (D:10)
  A wizard (D:14)
  A freezing wraith (D:14)
  An acid dragon (D:10)
  A kobold brigand (D:9)
  A killer bee (D:10)
  A howler monkey (D:10)
  An orc wizard (D:10)
  3 orcs
12 creatures vanquished.

Vanquished Creatures (others)
  An air elemental (D:12)
  A water elemental (D:12)
  2 hounds (D:4)
  2 fungi (D:9)
6 creatures vanquished.

Grand Total: 375 creatures vanquished

Notes
Turn   | Place    | Note
-------+----------+-------------------------------------------
     0 | D:1      | gelatine the Demonspawn Gladiator began the quest for the
                  | Orb.
     0 | D:1      | Reached XP level 1. HP: 16/16 MP: 1/1
   265 | D:1      | Gained mutation: You are partially covered in sharp spines.
                  | [demonic ancestry]
   265 | D:1      | Reached XP level 2. HP: 22/22 MP: 2/2
   737 | D:1      | Reached XP level 3. HP: 26/28 MP: 3/3
  1728 | D:2      | Found an opulent altar of Gozag.
  2036 | D:3      | Identified a scroll of acquirement
  2036 | D:3      | Acquired 757 gold pieces
  2207 | D:3      | Reached XP level 4. HP: 33/34 MP: 4/4
  2925 | D:3      | Found an ornate altar of the Wu Jian Council.
  3013 | D:4      | Noticed a black bear
  3135 | D:4      | Noticed an ogre
  3210 | D:4      | Noticed a scorpion
  3222 | D:4      | Killed a scorpion
  3223 | D:4      | Reached skill level 1 in Armour
  3223 | D:4      | Gained mutation: Your demonic aura sometimes causes spilled
                  | blood to erupt in flames. [demonic ancestry]
  3223 | D:4      | Reached XP level 5. HP: 20/39 MP: 5/5
  3493 | D:4      | Found a shimmering altar of Xom.
  3508 | D:4      | Killed an ogre
  3509 | D:4      | Reached skill level 3 in Fighting
  3509 | D:4      | Reached XP level 6. HP: 20/47 MP: 6/6
  3712 | D:4      | Noticed Pikel
  3928 | D:4      | HP: 1/47 [orc priest/+0 trident (2)]
  3944 | D:3      | Killed Pikel
  3945 | D:3      | Reached skill level 4 in Fighting
  3945 | D:3      | Reached skill level 5 in Axes
  3945 | D:3      | Gained mutation: Your touch may inflict minor irresistible
                  | damage on your foes. [demonic ancestry]
  3945 | D:3      | Reached XP level 7. HP: 9/54 MP: 7/7
  4520 | D:4      | Noticed Edmund
  4531 | D:4      | Killed Edmund
  4766 | D:4      | Reached XP level 8. HP: 53/61 MP: 8/8
  4940 | D:4      | Reached skill level 1 in Stealth
  5119 | D:5      | Entered Level 5 of the Dungeon
  5354 | D:5      | Reached skill level 6 in Fighting
  5354 | D:5      | Reached skill level 5 in Throwing
  5354 | D:5      | Reached skill level 5 in Dodging
  5354 | D:5      | Reached XP level 9. HP: 71/71 MP: 8/12
  5847 | D:6      | Noticed Sigmund
  6102 | D:6      | Found Ciagg's Distillery.
  6107 | D:6      | Bought 2 potions of heal wounds for 110 gold pieces
  6182 | D:6      | Found a glowing drain.
  6191 | Sewer    | Entered a sewer
  6525 | D:6      | Found a staircase to the Ecumenical Temple.
  6540 | D:6      | Killed Sigmund
  6553 | Temple   | Entered the Ecumenical Temple
  6721 | Temple   | Became a worshipper of Makhleb the Destroyer
  6743 | D:6      | Learned a level 1 spell: Beastly Appendage
  6881 | D:6      | Found a sacrificial altar of Ru.
  6881 | D:6      | Found a hide-covered altar of Uskayaw.
  6952 | D:6      | Reached XP level 10. HP: 77/77 MP: 13/13
  7012 | D:6      | Learned a level 2 spell: Wereblood
  7023 | D:7      | Found an ancient bone altar of Kikubaaqudgha.
  7062 | D:7      | Found a bloodstained altar of Trog.
  7068 | D:7      | You fall into a shaft and drop 1 floor!
  7121 | D:7      | Found a sand-covered staircase.
  7128 | Ossuary  | Entered an ossuary
  7158 | Ossuary  | Reached * piety under Makhleb
  7349 | Ossuary  | Reached skill level 1 in Transmutations
  7398 | Ossuary  | Acquired a manual of Fighting
  7400 | Ossuary  | Acquired the +9 staff of Olgreb {rPois∞}
  7400 | Ossuary  | Found the +9 staff of Olgreb {rPois∞}
  7768 | D:7      | Found a stormy altar of Qazlal.
  7832 | D:7      | Reached skill level 7 in Fighting
  7974 | D:8      | Reached ** piety under Makhleb
  8061 | D:8      | Reached skill level 1 in Staves
  8396 | D:8      | Noticed an orange demon
  8398 | D:8      | Noticed Amaemon
  8406 | D:8      | Killed Amaemon
  8410 | D:8      | Killed an orange demon
  8411 | D:8      | Gained mutation: When seriously injured, your blood forms
                  | armour. (AC +9) [demonic ancestry]
  8411 | D:8      | Reached XP level 11. HP: 85/85 MP: 2/14
  8718 | D:8      | Identified the +5 halberd "Jaoh" {antimagic, rN++ Str-5
                  | Int+2 Dex+3}
  9031 | D:9      | Gained mutation: You have sharp toenails. [potion of
                  | mutation]
  9031 | D:9      | Gained mutation: You possess an exceptional clarity of
                  | mind. [potion of mutation]
  9088 | D:9      | Found a staircase to the Lair.
  9342 | D:9      | Found a staircase to the Orcish Mines.
  9345 | D:9      | Reached *** piety under Makhleb
  9360 | D:9      | Reached skill level 8 in Fighting
  9558 | D:9      | Found an iron altar of Okawaru.
  9567 | D:9      | Found a radiant altar of Vehumet.
  9567 | D:9      | Noticed Grum
  9576 | D:9      | Killed Grum
  9740 | D:9      | Noticed a two-headed ogre
  9755 | D:9      | Killed a two-headed ogre
  9756 | D:9      | Reached skill level 5 in Staves
 10275 | D:10     | Entered Level 10 of the Dungeon
 10276 | D:10     | Noticed Urug
 10286 | D:10     | Killed Urug
 10455 | D:10     | Noticed Harold
 10466 | D:10     | Killed Harold
 10478 | D:10     | Reached skill level 9 in Fighting
 10513 | D:10     | Reached **** piety under Makhleb
 10769 | D:10     | Found an opulent altar of Gozag.
 10869 | D:10     | Found a snail-covered altar of Cheibriados.
 11163 | D:11     | Noticed Maurice
 11166 | D:11     | Noticed Psyche
 11172 | D:11     | Killed Psyche
 11176 | D:11     | Killed Maurice
 11326 | D:11     | Noticed a boulder beetle
 11338 | D:11     | Killed a boulder beetle
 11339 | D:11     | Gained mutation: When seriously injured, your blood forms
                  | thick armour. (AC +9) [demonic ancestry]
 11339 | D:11     | Reached XP level 12. HP: 44/95 MP: 7/15
 11708 | D:11     | Found Soxolugege's Antique Armour Boutique.
 11717 | D:11     | Bought a runed hat for 140 gold pieces
 12039 | D:11     | Identified the +1 chain mail "Hygun" {rN++}
 12099 | D:11     | Noticed a seven-headed hydra
 12102 | D:11     | Killed a seven-headed hydra
 12252 | D:12     | Noticed a two-headed ogre
 12260 | D:12     | Killed a two-headed ogre
 12457 | D:12     | Noticed a boulder beetle
 12473 | D:12     | Killed a boulder beetle
 12781 | D:12     | Noticed a boulder beetle
 12797 | D:12     | Killed a boulder beetle
 12798 | D:12     | Reached skill level 10 in Fighting
 13032 | D:12     | Noticed a boulder beetle
 13041 | D:12     | Killed a boulder beetle
 13269 | D:12     | Found a large runed translucent door.
 13269 | D:12     | Found a large runed translucent door.
 13907 | D:13     | Reached skill level 5 in Stealth
 14097 | D:13     | Noticed a centaur warrior
 14109 | D:13     | Noticed a centaur warrior
 14111 | D:13     | Killed a centaur warrior
 14116 | D:13     | Killed a centaur warrior
 15152 | D:14     | Noticed Agnes
 15162 | D:14     | Killed Agnes
 15163 | D:14     | Reached skill level 5 in Armour
 15163 | D:14     | Gained mutation: You are mostly covered in sharp spines.
                  | [demonic ancestry]
 15163 | D:14     | Reached XP level 13. HP: 27/105 MP: 0/16
 15464 | D:14     | Reached skill level 11 in Fighting
 15933 | D:14     | Found a shimmering blue altar of Sif Muna.
 15933 | D:14     | Found a sparkling altar of Nemelex Xobeh.
 15935 | D:14     | Found a radiant altar of Vehumet.
 15935 | D:14     | Found a sparkling altar of Nemelex Xobeh.
 16150 | D:14     | Reached skill level 5 in Evocations
 16391 | D:14     | HP: 5/107 [slime creature (14)]
 16392 | D:14     | Mangled by a slime creature

Illustrated notes

Levels and vault maps discovered:
D:1:      lemuel_arrival_cross, layout_loops_ring, minmay_heptomino_o4
D:2:      layout_loops_corners, basic_altar
D:3:      layout_loops_corners, nicolae_wu_jian_immortal_techniques
D:4:      layout_basic, xom_confusion_cloud, uniq_pikel, uniq_edmund
D:5:      layout_cave_pools, zin_statuary
D:6:      layout_cave_pools, gammafunk_temple_overflow_statue, temple_statues,
          cheibrodos_sewer_entry_drain, serial_shops, nicolae_stop_n_shop_2,
          skrybe_limestone_x, uniq_sigmund
D:7:      layout_rooms, mainiacjoe_overflow_large_starburst,
          mainiacjoe_overflow_tiny_flanked, nicolae_ossuary_entry_catacombs
D:8:      layout_rooms, minmay_misc_feat_square, uniq_amaemon
D:9:      layout_cave_pools, mainiacjoe_overflow_big_doors,
          mainiacjoe_overflow_small_starburst, lair_entry_dummy,
          kennysheep_orc_monster_closet_entryway, kennysheep_cross_bottleneck,
          uniq_grum
D:10:     layout_long_grid, nicolae_overflow_crystal_walls,
          mainiacjoe_overflow_alcove_4, uniq_urug, uniq_harold
D:11:     layout_small_grid, serial_shops, nicolae_shop_overgrown_old_shop,
          uniq_maurice, uniq_psyche
D:12:     layout_stronghold, minivault_23, lightli_elemental_guards
D:13:     layout_cave_pools
D:14:     minmay_the_grid_octo_tiled_octocenter [minmay_the_grid_octo_clover,
          minmay_the_grid_octo_toaster, minmay_the_grid_octo_fan_narrow,
          minmay_the_grid_octo_shrine, minmay_the_grid_octo_prize_single_spiral,
          minmay_the_grid_square_5x5_checkered_statues,
          minmay_the_grid_square_5x5_v, minmay_the_grid_square_5x5_inner_z,
          minmay_the_grid_square_5x5_forky], layout_cave_pods, david_vaults_4,
          nicolae_dithmenos_shadow_blocks, dk_noncrumbling_2, uniq_agnes
Temple:   compressed_dpeg_triangle_lava_temple

Skill      XL: |  1  2  3  4  5  6  7  8  9 10 11 12 13 |
---------------+----------------------------------------+-----
Axes           | 3 4 5 6 8 9 |  9.1
Dodging        | 3 4 5 6 7 |  7.4
Armour         | 1 2 3 5 |  5.9
Fighting       | 3 4 6 7 9 10 11 | 11.8
Throwing       | 2 5 6 7 8 9 |  9.9
Stealth        | 4 5 |  5.0
Unarmed Combat | 2 |  2.2
Spellcasting   | 2 |  2.3
Invocations    | 3 4 |  4.2
Evocations     | 3 4 5 |  5.5
Transmutations | 1 |  1.4
Staves         | 2 6 8 9 |  9.0

Action                   |  1- 3 |  4- 6 |  7- 9 | 10-12 | 13-15 || total
-------------------------+-------+-------+-------+-------+-------++-------
Melee: War axe           |    73 |    70 |    77 |    66 |       ||   286
       Punch             |       |     1 |       |    11 |     3 ||    15
       Touch             |       |       |    12 |    79 |    22 ||   113
       Kick              |       |       |     3 |       |       ||     3
       Staff             |       |       |       |   271 |    71 ||   342
Throw: Throwing net      |       |     4 |       |       |       ||     4
       Dart              |       |    12 |    92 |    50 |       ||   154
       Javelin           |       |     1 |     4 |     2 |       ||     7
       Boomerang         |       |       |    43 |   145 |     3 ||   191
 Cast: Beastly Appendage |       |       |     2 |       |       ||     2
Invok: Lesser Servant of |       |       |       |     5 |     1 ||     6
       Minor Destruction |       |       |       |     1 |     1 ||     2
       Major Destruction |       |       |       |       |     1 ||     1
 Abil: Evoke the Staff o |       |       |       |    53 |    11 ||    64
Evoke: Piece from Xom's  |       |       |       |     6 |       ||     6
       Wand              |       |       |       |     4 |     3 ||     7
  Use: Scroll            |     8 |     2 |    11 |    13 |     2 ||    36
       Potion            |       |     6 |     1 |     5 |     4 ||    16
 Stab: Sleeping          |     1 |       |       |     7 |       ||     8
       Distracted        |       |       |       |       |     2 ||     2
Armor: Leather armour    |    29 |    19 |       |       |       ||    48
       Skin              |       |    16 |       |       |       ||    16
       Robe              |       |       |    14 |    71 |       ||    85
       Chain mail        |       |       |       |    46 |    70 ||   116
Dodge: Dodged            |    57 |    59 |    54 |   216 |    57 ||   443

Table legend: (Time is in decaauts)
 A = Elapsed time spent in this place.
 B = Non-inter-level travel time spent in this place.
 C = Inter-level travel time spent in this place.
 D = Time resting spent in this place.
 E = Time spent auto-exploring this place.
 F = Levels seen in this place.
 G = Mean time per level.
                   A        B        C        D        E       F      G
               +--------+--------+--------+--------+--------+-----+--------+
         Total |  16458 |  15927 |    531 |   3351 |   8911 |  17 |  968.1 |
       Dungeon |  15464 |  14950 |    514 |   3351 |   8358 |  14 | 1104.6 |
        Temple |    186 |    169 |     17 |      0 |    102 |   1 |  186.0 |
         Sewer |    338 |    338 |      0 |      0 |    227 |   1 |  338.0 |
       Ossuary |    469 |    469 |      0 |      0 |    224 |   1 |  469.0 |
               +--------+--------+--------+--------+--------+-----+--------+

Top non-repeatable levels by time:
     D:3: 1960 daAuts
    D:12: 1631 daAuts
    D:14: 1281 daAuts
     D:9: 1246 daAuts
    D:13: 1190 daAuts
     D:4: 1159 daAuts
    D:11: 1086 daAuts
     D:8: 1063 daAuts
     D:1: 1033 daAuts
     D:2: 1023 daAuts
     D:5: 909 daAuts
    D:10: 872 daAuts
     D:6: 531 daAuts
     D:7: 472 daAuts
 Ossuary: 469 daAuts
